 Dungeon Crawl Stone Soup version 0.28.0 (webtiles) character file.

Game seed: 6106132348126967951

7352 croobank the Cudgeller (level 11, -8/56 HPs)
             Began as a Vine Stalker Monk on Feb 5, 2022.
             Was an Elder of Makhleb.
             Mangled by a seven-headed hydra (9 damage)
             ... on level 2 of the Lair of Beasts.
             The game lasted 00:49:53 (8454 turns).

croobank the Cudgeller (Vine Stalker Monk)          Turns: 8454, Time: 00:49:55

Health: -8/56      AC: 16    Str: 19    XL:     11   Next: 13%
Magic:  0/20       EV: 16    Int: 14    God:    Makhleb [****..]
Gold:   594        SH:  0    Dex: 18    Spells: 11/21 levels left

rFire   + . .      SeeInvis .   a - +5 dire flail (protect)
rCold   + . .      Faith    +   (shield currently unavailable)
rNeg    . . .      Spirit   +   W - +1 scale mail of Honour {Slay+3}
rPois   .          Reflect  .   (no helmet)
rElec   .          Harm     .   g - scarf {rC+ rF+}
rCorr   .          Rampage  .   v - +0 pair of gloves
Will    +....                   e - +0 pair of boots
Stlth   ++........              w - amulet of faith
HPRegen 0.98/turn               l - +4 ring of evasion
MPRegen 0.17/turn               M - +6 ring of strength

@: under a protective aura
A: fangs 3, regeneration 1, magic shield, antimagic bite, no potion heal 2
a: Renounce Religion, Minor Destruction, Lesser Servant of Makhleb, Major
Destruction


You were on level 2 of the Lair of Beasts.
You worshipped Makhleb.
Makhleb was greatly pleased with you.
You visited 2 branches of the dungeon, and saw 11 of its levels.

You collected 594 gold pieces.

Inventory:

Hand Weapons
 a - a +5 dire flail of protection (weapon)
 b - a +1 hunting sling of flaming
 d - a +1 vorpal war axe
 m - a +2 halberd of freezing
 y - a +2 vorpal flail
 A - a +0 battleaxe
 T - a +2 quarterstaff of draining
Missiles
 f - 360 stones
 k - 177 arrows
 C - 5 throwing nets
 D - 12 atropa-tipped darts (quivered)
 E - 82 sling bullets
 G - 13 bolts
 S - 3 curare-tipped darts
Armour
 e - a +0 pair of boots (worn)
 g - a scarf of resistance (worn)
 i - a +0 ring mail
 j - a +0 leather armour
 n - a +0 robe
 v - a +0 pair of gloves (worn)
 P - a +0 plate armour
 W - the +1 scale mail of Honour (worn) {Slay+3}
   (You found it on level 9 of the Dungeon)

   Slay:      It affects your accuracy & damage with ranged weapons and melee
   (+3).
Jewellery
 l - a +4 ring of evasion (left hand)
 w - an amulet of faith (around neck)
 L - a ring of willpower
 M - a +6 ring of strength (right hand)
 N - a +6 ring of intelligence
 Z - a ring of ice
Wands
 c - a wand of charming (7)
 h - a wand of paralysis (5)
 t - a wand of flame (14)
 x - a wand of iceblast (13)
Scrolls
 q - 3 scrolls of fog
 s - a scroll of holy word {unknown}
 z - 5 scrolls of immolation
 F - a scroll of brand weapon {unknown}
 J - a scroll of magic mapping {unknown}
 Q - a scroll of teleportation
 R - a scroll of acquirement {unknown}
Potions
 o - a potion of mutation
 u - 3 potions of berserk rage
 B - a potion of flight {unknown}
 H - 2 potions of ambrosia
 I - a potion of heal wounds {unknown}
 K - a potion of attraction {unknown}
 O - a potion of magic {unknown}
 U - a potion of brilliance
 V - 2 potions of might


   Skills:
 + Level 5.7 Fighting
 + Level 3.4(6.1) Axes
 + Level 7.9(8.2) Maces & Flails
 + Level 0.2 Slings
 + Level 1.1 Armour
 + Level 4.4 Dodging
 + Level 7.4 Stealth
 * Level 5.7 Spellcasting
 * Level 6.4 Conjurations
 * Level 6.0 Fire Magic
 + Level 0.3 Poison Magic
 + Level 1.2 Invocations
 + Level 0.6 Evocations


You had 11 spell levels left.
You knew the following spells:

 Your Spells              Type           Power      Damage    Failure   Level
a - Static Discharge      Conj/Air       13%        N/A       21%         2
b - Scorch                Fire           40%        2d7       6%          2
c - Poisonous Vapours     Pois/Air       8%         N/A       56%         2
d - Flame Wave            Conj/Fire      21%        2d7       36%         4

Your spell library contained the following spells:

 Spells                   Type           Power      Damage    Failure   Level
 Sticky Flame             Conj/Fire      21%        2d4       36%         4
 Sting                    Tmut/Pois      16%        1d3       43%         1
 Animate Skeleton         Necr           8%         N/A       45%         1
 Pain                     Necr           16%        1d4       45%         1
 Vampiric Draining        Necr           4%         2d6       83%         3
 Dispel Undead            Necr           4%         3d7       99%         4
 Olgreb's Toxic Radiance  Pois           4%         N/A       99%         4
 Summon Cactus Giant      Summ           2%         N/A       100%        6


Dungeon Overview and Level Annotations

Branches:
Dungeon (9/15)             Temple (0/1) D:6            Lair (2/6) D:8
    Orc (0/2) D:9
  Swamp: Lair:2-4    Shoals: Lair:2-4     Snake: Lair:2-4    Spider: Lair:2-4

Altars:
Elyvilon
Makhleb

Annotations:
D:5 1 runed translucent door, bleachchugger's ghost, novice MiBe
D:6 Pikel
D:9 1 runed translucent door, Bricks's ghost, novice MiFi
Lair:2 1 transporter, crazypyro's ghost, journeyman OgMo


Innate Abilities, Weirdness & Mutations

You have razor-sharp teeth.
Your natural rate of healing is unusually fast.
When hurt, damage is shared between your health and your magic reserves.
Your bite disrupts and absorbs the magic of your enemies.
Potions cannot restore your health.


Message History

The seven-headed hydra barely misses you.
The seven-headed hydra bites you!
A demon appears!
The seven-headed hydra completely misses you.
The seven-headed hydra barely misses you.
The seven-headed hydra bites you.
The seven-headed hydra closely misses you.
The seven-headed hydra bites you. x2
* * * LOW HITPOINT WARNING * * *
The seven-headed hydra barely misses you.
There is an escape hatch in the floor here.
A komodo dragon comes into view.
Your ynoxinul hits the seven-headed hydra.
Okay, then.
You bludgeon the seven-headed hydra!!
Your bite misses the seven-headed hydra.
The seven-headed hydra is severely wounded.
The seven-headed hydra bites you.
* * * LOW HITPOINT WARNING * * *
The seven-headed hydra bites you but does no damage.
The seven-headed hydra closely misses you.
The seven-headed hydra bites you but does no damage.
The seven-headed hydra bites you.
* * * LOW HITPOINT WARNING * * *
The seven-headed hydra closely misses you.
The seven-headed hydra bites you but does no damage.
As you read the scroll of fear, it crumbles to dust.
You assume a fearsome visage.
The seven-headed hydra looks frightened!
The komodo dragon looks frightened!
Your ynoxinul hits the seven-headed hydra!
Your ynoxinul's attack snaps the seven-headed hydra out of its fear.
The seven-headed hydra bites you!
* * * LOW HITPOINT WARNING * * *
The seven-headed hydra completely misses you.
The seven-headed hydra bites you!
* * * LOW HITPOINT WARNING * * *
The seven-headed hydra barely misses you.
The seven-headed hydra bites you!
You die...

#........ .
#....... .
#...... .
#..#Pl+# .
##.##...####
.
#P.##......##
.
#..#.3.......
.
##.'>D......#
.
#..#.@.....#
.
##.##......#
.
#..##..#..##
##...+####.#
#........ ..
##........ .
#.........
#.........
##........


You could see a seven-headed hydra (fleeing, ally target), a komodo dragon
(fleeing) and a friendly ynoxinul (summoned).

Vanquished Creatures
  Harold (Lair:2)
  A two-headed ogre (D:8)
  Joseph (D:8)
  A black mamba (Lair:1)
  A cane toad (Lair:1)
  A komodo dragon (Lair:2)
  2 hornets (D:8)
  3 yaks (D:9)
  A wyvern (D:7)
  4 water moccasins
  3 black bears
  An ice beast (D:5)
  A sky beast (D:7)
  A necrophage (D:5)
  An orc warrior (D:8)
  2 ogres
  4 centaurs
  6 wolves (D:8)
  A kobold brigand (D:8)
  Blork the orc (D:6)
  5 bullfrogs
  A scorpion (D:6)
  A water moccasin skeleton (D:6)
  2 wyvern skeletons (D:7)
  2 killer bees (D:9)
  4 wights
  A howler monkey (D:6)
  2 electric eels (D:6)
  A bullfrog zombie (D:5)
  2 bullfrog skeletons
  An orc priest (Lair:1)
  5 hounds
  3 iguanas
  2 orc wizards
  7 adders
  14 gnolls
  A howler monkey skeleton (D:6)
  A white imp (D:8)
  2 worms
  3 dart slugs
  9 orcs
  7 ball pythons
  7 endoplasms
  2 giant cockroaches
  10 goblins
  7 hobgoblins
  8 jackals
  9 kobolds
  3 quokkas
  6 bats
  4 frilled lizards
  6 rats
175 creatures vanquished.

Vanquished Creatures (collateral kills)
  An orc warrior (D:8)
  2 killer bees (D:9)
  An orc priest (D:8)
  A bullfrog skeleton (D:6)
5 creatures vanquished.

Vanquished Creatures (others)
  A fungus (Lair:1)
  50 plants
  A withered plant (D:5)
52 creatures vanquished.

Grand Total: 232 creatures vanquished

Notes
Turn   | Place    | Note
-------+----------+-------------------------------------------
     0 | D:1      | croobank the Vine Stalker Monk began the quest for the Orb.
     0 | D:1      | Reached XP level 1. HP: 11/11 MP: 2/2
   267 | D:1      | Reached XP level 2. HP: 13/16 MP: 3/3
   697 | D:1      | Reached XP level 3. HP: 18/20 MP: 2/4
  1067 | D:2      | Found a faded altar of an unknown god.
  1442 | D:2      | Reached skill level 1 in Spellcasting
  1458 | D:2      | Found a burning altar of Makhleb.
  1482 | D:2      | Became a worshipper of Makhleb the Destroyer
  1482 | D:2      | Reached * piety under Makhleb
  1482 | D:2      | Reached ** piety under Makhleb
  1603 | D:2      | Reached skill level 1 in Conjurations
  1603 | D:2      | Gained mutation: Your natural rate of healing is unusually
                  | fast. [Vine Stalker growth]
  1603 | D:2      | Reached XP level 4. HP: 20/24 MP: 4/6
  1606 | D:2      | Learned a level 2 spell: Static Discharge
  1741 | D:3      | Found a white marble altar of Elyvilon.
  2098 | D:4      | Reached XP level 5. HP: 28/28 MP: 8/8
  2388 | D:4      | Reached *** piety under Makhleb
  2477 | D:4      | Reached skill level 1 in Maces & Flails
  2604 | D:4      | Reached XP level 6. HP: 31/32 MP: 7/10
  2621 | D:4      | Reached skill level 1 in Fire Magic
  2848 | D:5      | Entered Level 5 of the Dungeon
  2852 | D:5      | Noticed an ice beast
  3096 | D:3      | Reached XP level 7. HP: 31/36 MP: 9/11
  3645 | D:5      | Gained mutation: You have razor-sharp teeth. [Vine Stalker
                  | growth]
  3645 | D:5      | Reached XP level 8. HP: 7/40 MP: 6/13
  3750 | D:5      | Found a runed translucent door.
  3751 | D:5      | Noticed bleachchugger's ghost (novice MiBe)
  4273 | D:6      | Found a staircase to the Ecumenical Temple.
  4279 | D:6      | Noticed Pikel
  4509 | D:6      | Reached **** piety under Makhleb
  4756 | D:6      | Reached skill level 5 in Stealth
  4803 | D:6      | Noticed Blork the orc
  4814 | D:6      | Killed Blork the orc
  4895 | D:7      | Noticed a wyvern
  4965 | D:7      | Reached XP level 9. HP: 41/45 MP: 13/15
  4968 | D:7      | Learned a level 2 spell: Scorch
  5281 | D:7      | Learned a level 2 spell: Poisonous Vapours
  5296 | D:7      | Reached skill level 5 in Maces & Flails
  5463 | D:8      | Noticed a two-headed ogre
  5473 | D:8      | Killed a two-headed ogre
  5474 | D:8      | Reached skill level 5 in Conjurations
  5484 | D:8      | Found a staircase to the Lair.
  5492 | Lair:1   | Entered Level 1 of the Lair of Beasts
  5583 | D:8      | HP: 2/46 [orc warrior (12)]
  5591 | D:8      | Reached skill level 1 in Invocations
  5738 | D:8      | Reached XP level 10. HP: 34/51 MP: 15/18
  5833 | D:8      | Noticed Joseph
  5859 | D:8      | Killed Joseph
  5895 | D:8      | Reached skill level 5 in Fire Magic
  5999 | D:8      | Reached skill level 5 in Fighting
  5999 | D:8      | Reached skill level 5 in Spellcasting
  6664 | D:9      | Learned a level 4 spell: Flame Wave
  6670 | D:9      | Identified the +1 scale mail of Honour {Slay+3}
  6767 | D:9      | Found a staircase to the Orcish Mines.
  6951 | D:9      | Found a runed translucent door.
  6952 | D:9      | Noticed Bricks's ghost (novice MiFi)
  6952 | D:9      | Identified the +9 spear of Patience {vorpal, rC+ rCorr
                  | Dex+5}
  7413 | Lair:1   | Noticed a black mamba
  7432 | Lair:1   | Killed a black mamba
  7476 | Lair:1   | Noticed a cane toad
  7488 | Lair:1   | Killed a cane toad
  8167 | Lair:2   | Reached ***** piety under Makhleb
  8287 | Lair:2   | Reached XP level 11. HP: 56/56 MP: 18/20
  8297 | Lair:2   | Found a transporter.
  8297 | Lair:2   | Noticed crazypyro's ghost (journeyman OgMo)
  8317 | Lair:2   | Noticed Harold
  8333 | Lair:2   | Killed Harold
  8334 | Lair:2   | Reached skill level 1 in Armour
  8446 | Lair:2   | Noticed a seven-headed hydra
  8454 | Lair:2   | HP: 1/56 [seven-headed hydra (7)]
  8454 | Lair:2   | Mangled by a seven-headed hydra

Illustrated notes

Levels and vault maps discovered:
D:1:      eino_arrival_cavern_b, layout_basic
D:2:      layout_basic, basic_altar, shapermc_ecumenical_altar_notcrosses
D:3:      layout_basic, mainiacjoe_overflow_concentric_impassable
D:4:      layout_gridville, kennysheep_dice
D:5:      layout_cave_pools, gammafunk_ghost_grave
D:6:      layout_layer_cave, minmay_temple_entry_drinking_statues, serial_bayou,
          serial_bayou_shore_b, serial_bayou_pond_b, serial_bayou_lagoon_a,
          serial_bayou_lagoon_b, uniq_pikel, uniq_blork_the_orc
D:7:      layout_basic
D:8:      layout_basic, lair_entry_dummy, enter_bailey_3, uniq_joseph
D:9:      layout_irregular_city, orc_0_dummy, ebering_ghost_funeral_grove,
          serial_column_ruins, column_ruins_pillar_1, column_ruins_pillar_8,
          column_ruins_pillar_1, column_ruins_pillar_1, column_ruins_pillar_4,
          column_ruins_pillar_1, column_ruins_pillar_6, column_ruins_pillar_6,
          column_ruins_pillar_6, column_ruins_pillar_9, column_ruins_pillar_1,
          column_ruins_pillar_2, column_ruins_pillar_1, column_ruins_pillar_6,
          column_ruins_pillar_12, column_ruins_pillar_3, column_ruins_pillar_6,
          column_ruins_pillar_6
Lair:1:   layout_regular_city, lemuel_fruit_tree, grunt_megastairs_1
Lair:2:   layout_regular_city, gammafunk_ghost_arena, serial_bayou_shore_b,
          uniq_harold

Skill      XL: |  1  2  3  4  5  6  7  8  9 10 11 |
---------------+----------------------------------+-----
Axes           | 3 |  3.4
Fighting       | 3 4 5 |  5.7
Spellcasting   | 1 2 3 4 5 |  5.7
Conjurations   | 1 2 3 4 5 6 |  6.4
Stealth        | 3 5 6 7 |  7.4
Dodging        | 3 4 |  4.4
Maces & Flails | 1 2 3 4 5 7 |  7.9
Fire Magic     | 1 2 3 4 5 6 |  6.0
Invocations    | 1 |  1.2
Armour         | 1 |  1.1
Slings         | |  0.2
Poison Magic   | |  0.3
Evocations     | |  0.6

Action                   |  1- 3 |  4- 6 |  7- 9 | 10-12 || total
-------------------------+-------+-------+-------+-------++-------
Melee: Hand axe          |    88 |    20 |       |       ||   108
       Bite              |    17 |    31 |    60 |    51 ||   159
       Punch             |     2 |     4 |     3 |       ||     9
       Flail             |       |   101 |   202 |       ||   303
       Dire flail        |       |       |    15 |   164 ||   179
 Fire: Hunting sling     |       |       |       |     4 ||     4
Throw: Dart              |       |       |     3 |       ||     3
 Cast: Scorch            |       |       |     3 |       ||     3
       Poisonous Vapours |       |       |     1 |       ||     1
Invok: Minor Destruction |       |       |     2 |       ||     2
       Lesser Servant of |       |       |     3 |     3 ||     6
Evoke: Wand              |       |     1 |     4 |     6 ||    11
  Use: Potion            |       |     2 |     3 |       ||     5
       Scroll            |       |     4 |     5 |    10 ||    19
 Stab: Sleeping          |     7 |     3 |     5 |     1 ||    16
       Paralysed         |       |       |     9 |     5 ||    14
Armor: Robe              |     9 |    21 |    44 |    10 ||    84
       Scale mail        |       |       |       |    42 ||    42
Dodge: Dodged            |    83 |   161 |   271 |   150 ||   665
